 Dungeon Crawl Stone Soup version 0.31-a0-774-g0d66cbabe8 (webtiles) character file.

Game seed: 8521696337017708863

2 cforsyth the Sneak (level 1, -2/20 HPs)
             Began as a Djinni Delver on Sept 18, 2023.
             Slain by an orc
             ... wielding a +0 short sword
              (3 damage)
             ... on level 5 of the Dungeon.
             The game lasted 00:00:28 (63 turns).

cforsyth the Sneak (Djinni Delver)                    Turns: 63, Time: 00:00:29

Health: -2/20      AC:  3    Str: 11    XL:     1   Next: 44%
Gold:   0          EV: 12    Int: 11    God:
                   SH:  0    Dex: 14

rFire   + + .        a - +0 falchion
rCold   x . .        (no shield)
rNeg    . . .        b - +0 leather armour
rPois   ∞            (no helmet)
rElec   .            (no cloak)
rCorr   .            (no gloves)
SInv    .            (boots unavailable)
Will    .....        (no amulet)
Stlth   ++           (no ring)
HPRegen 0.23/turn    (no ring)
MPRegen 0.00/turn

%: infuse magic (-3 HP)
@: flying, hasted, very quick
A: sickness immunity, fire resistance 2, cold vulnerability 1, float, innate
caster, HP casting, extra vitality 1
a: no special abilities


You were on level 5 of the Dungeon.
You visited 1 branch of the dungeon, and saw 1 of its levels.

Inventory:

Hand Weapons
 a - a +0 falchion (weapon)
Armour
 b - a +0 leather armour (worn)
Wands
 g - a wand of digging (3)
Scrolls
 c - a scroll of fog
 d - a scroll of revelation


   Skills:
 + Level 3.0 Fighting
 - Level 1.7 Long Blades
 - Level 2.1 Dodging
 - Level 4.1 Stealth
 + Level 0.1 Spellcasting
 + Level 0.1 Conjurations
 + Level 0.1 Hexes
   Level 0.0 Charms
 + Level 0.1 Summonings
 + Level 0.1 Necromancy
 + Level 0.1 Translocations
 + Level 0.1 Transmutations
 + Level 0.1 Fire Magic
 + Level 0.1 Ice Magic
 + Level 0.1 Air Magic
 + Level 0.1 Earth Magic
 + Level 0.1 Poison Magic You didn't know any spells. Your spell library was empty.

Dungeon Overview and Level Annotations

Branches:
Dungeon (5/15)
 Temple: D:4-7

Altars:


Innate Abilities, Weirdness & Mutations

You are immune to sickness and miasma.
You are immune to poison.
Your flesh is very heat resistant. (rF++)
You are vulnerable to cold. (rC-)
You float through the air rather than walking.
You learn spells naturally, not from books.
Your magical power is your life essence.
You have superior vitality. (+4 MHP)


Message History

You kill the quokka!
You hit the rat but do no damage. You slash the rat!
You kill the rat!
You hear the slow rusting of a drain.
You hit the rat but do no damage. The orc hits you with a +0 short sword.
The rat splashes around in the water.
You hit the rat but do no damage. The orc misses you. The rat misses you.
The orc hits you with a +0 short sword.
You barely miss the rat. The rat misses you. The orc closely misses you.
You closely miss the rat. The rat bites you but does no damage.
The orc hits you but does no damage.
You barely miss the rat. The rat bites you.
The orc hits you with a +0 short sword.
* * * LOW HITPOINT WARNING * * *
The rat bites you but does no damage.
You hit the rat.
You kill the rat!
The orc closely misses you. The orc hits you with a +0 short sword.
* * * LOW HITPOINT WARNING * * *
A worm comes into view.
Things that are here:
a rat corpse; a quokka corpse A rat comes into view.
Okay, then.
Okay, then.
You feel yourself speed up.
You hit the worm but do no damage.
The orc wizard mumbles some strange words.
The orc wizard flickers and vanishes!
You barely miss the worm. The orc hits you but does no damage.
You hit the worm but do no damage. You hit the worm.
The worm is moderately wounded.
The worm bites you.
* * * LOW HITPOINT WARNING * * *
You hit the worm.
The worm is moderately wounded.
The orc hits you with a +0 short sword.
You die...

#. ### .... #.
##~######r# .....
#$###~~~w~~~~~~
....... #.$.#~o@#
......#......##{##
.........# #..#O#
......... ##..#~#
.....o.# #..##~##
.......####..#~~~#
)..........O.#~~~#
.......####.###~####
............#.#.#..#


You could see an ogre, a worm, an orc and a rat (asleep).

Vanquished Creatures
  A quokka (D:5)
  2 rats (D:5)
3 creatures vanquished.

Notes
Turn   | Place    | Note
-------+----------+-------------------------------------------
     0 | D:5      | cforsyth the Djinni Delver began the quest for the Orb.
     0 | D:5      | Reached XP level 1. HP: 20/20 MP: 0/0
     3 | D:5      | Noticed an orc wizard
    16 | D:5      | Noticed an ogre
    25 | D:5      | Noticed an ogre
    62 | D:5      | HP: 1/20 [worm (4)]
    63 | D:5      | Slain by an orc

Illustrated notes

Levels and vault maps discovered:
D:5:      layout_rooms, minmay_temple_entry_glassed_door,
          gup_sewer_entry_bubbles, serial_shops, nicolae_shop_mannequins,
          glass_columns_a

Action                     || total
---------------------------++-------
  Melee: Falchion          ||    14
    Use: Scroll            ||     1
         Potion            ||     1
   Stab: Sleeping          ||     1
 Armour: Leather armour    ||    20
  Dodge: Dodged            ||     5

Table legend: (Time is in decaauts)
 A = Elapsed time spent in this place.
 B = Non-inter-level travel time spent in this place.
 C = Inter-level travel time spent in this place.
 D = Time resting spent in this place.
 E = Time spent auto-exploring this place.
 F = Levels seen in this place.
 G = Mean time per level.
                   A        B        C        D        E       F      G
               +--------+--------+--------+--------+--------+-----+--------+
         Total |     64 |     64 |      0 |      0 |      0 |   1 |   64.0 |
       Dungeon |     64 |     64 |      0 |      0 |      0 |   1 |   64.0 |
               +--------+--------+--------+--------+--------+-----+--------+

Top non-repeatable levels by time:
     D:5: 64 daAuts
